 Dungeon Crawl Stone Soup version 0.18-a0-750-g37044d6 (webtiles) character file.

168645 xeno23 the Black Belt (level 18, 0/131 HPs)
             Began as a Human Monk on Dec 11, 2015.
             Was the Champion of Ru.
             Slain by a tarantella (7 damage)
             ... on level 4 of the Lair of Beasts.
             The game lasted 03:24:59 (38327 turns).

xeno23 the Black Belt (Human Monk)                 Turns: 38327, Time: 03:25:00

Health: 0/131      AC: 17    Str: 16    XL:     18   Next: 28%
Magic:  12/16      EV: 18    Int: 16    God:    Ru [******]
Gold:   1894       SH:  0    Dex: 18    Spells: 6 memorised, 13 levels left

rFire  + . .     SeeInvis .       - Unarmed
rCold  . . .     Clarity  .     e - +2 scale mail {rF+}
rNeg   . . .     SustAt   .     (no shield)
rPois  +         Gourm    .     L - +2 helmet {Int+3}
rElec  .         Spirit   .     w - +1 cloak
rCorr  .         Dismiss  .     g - +0 pair of gloves
rMut   .         Stasis   .     C - +1 pair of boots of the King of the Hill {MR+ MP-9 Int+3}
MR     .....                    H - amulet of regeneration
Stlth  ..........               X - ring of wizardry
                                U - ring of poison resistance

@: confused, exhausted, no potions, studying Unarmed Combat, repel missiles,
heavily drained, not resistant to hostile enchantments, extremely unstealthy
A: molten scales 1, dopey 1, frail 1, mutation resistance 1, sense surroundings
1, inability to drink while threatened, hated by all, no hexes magic, no poison
magic, no summoning magic, magic vulnerability 2, disrupted magic 1, missing an
eye
a: Draw Out Power, Power Leap, Apocalypse, Renounce Religion
}: 1/15 runes: decaying


You were on level 4 of the Lair of Beasts.
You worshipped Ru.
Ru was exalted by your worship.
You were very hungry.

You visited 6 branches of the dungeon, and saw 33 of its levels.
You also visited: Ice Cave.

You collected 3478 gold pieces.
You spent 1584 gold pieces at shops.

Inventory:

Hand Weapons
 G - a +1 blowgun
Missiles
 J - 6 curare-tipped needles
 Q - 30 poisoned needles
Armour
 e - a +2 scale mail of fire resistance (worn)
 g - a +0 pair of gloves (worn)
 w - a +1 cloak (worn)
 B - the +1 scale mail "Vitoffuh" {Int+4}
   (You found it on level 1 of the Swamp)

   It affects your intelligence (+4).
 C - the +1 pair of boots of the King of the Hill (worn) {MR+ MP-9 Int+3}
   (You found it on level 6 of the Dungeon)

   It affects your intelligence (+3).
   It affects your resistance to hostile enchantments.
   It affects your magic capacity (-9).
 L - a +2 helmet of intelligence (worn)
 W - a +1 helmet of see invisible
Jewellery
 a - the amulet of the Four Winds {Clar rN+ MR+++}
   (You found it on level 10 of the Dungeon)

   [amulet of clarity]

   It provides mental clarity.
   It protects you from negative energy.
   It affects your resistance to hostile enchantments.
 q - an uncursed amulet of stasis
 H - an amulet of regeneration (around neck)
 N - an uncursed ring of teleportation
 U - a ring of poison resistance (left hand)
 X - a ring of wizardry (right hand)
Wands
 i - a wand of fireball (10)
 n - a wand of fire (7)
 D - a wand of cold (8)
 V - a wand of teleportation (4)
Scrolls
 d - 5 scrolls of teleportation
 k - 7 scrolls of remove curse
 l - 4 scrolls of enchant weapon
 o - 3 scrolls of amnesia
 r - 7 scrolls of recharging
 u - a scroll of holy word
 y - 2 scrolls of enchant armour
 A - a scroll of acquirement {unknown}
 E - 4 scrolls of magic mapping
 F - 2 scrolls of fog
 S - a scroll of vulnerability
 T - 2 scrolls of fear
Potions
 c - 6 potions of curing
 f - 2 potions of magic
 h - a potion of ambrosia
 j - 4 potions of heal wounds
 m - a potion of haste
 p - 5 potions of lignification
 t - 5 potions of flight
 v - a potion of invisibility
 z - 3 potions of brilliance
 I - 3 potions of agility
 K - 3 potions of berserk rage
 M - 6 potions of might
 O - a potion of cancellation
Books
 s - a manual of Unarmed Combat
Comestibles
 b - 20 bread rations
 x - 9 beef jerkies
 R - 11 meat rations
 Y - 14 fruits


   Skills:
 + Level 14.2(12.6) Fighting
 + Level 14.1(12.6) Dodging
 - Level 7.0(5.8) Stealth
 * Level 20.4(18.7) Unarmed Combat
 - Level 5.2(4.0) Spellcasting
 * Level 9.0(7.7) Charms
 - Level 3.5(2.4) Necromancy
 - Level 5.0(3.8) Transmutations
 - Level 5.1(3.9) Earth Magic


You had 13 spell levels left.
You knew the following spells:

 Your Spells              Type           Power        Failure   Level  Hunger
b - Petrify               Trmt/Erth      ###.....     80%         4    ####...
e - Regeneration          Chrm/Necr      ###.......   13%         3    ###....
g - Blink                 Tloc           N/A          61%         2    ##.....
r - Repel Missiles        Chrm/Air       ###...       13%         2    ##.....
s - Stoneskin             Trmt/Erth      ###.....     13%         2    ##.....
t - Apportation           Tloc           #.........   41%         1    None


Dungeon Overview and Level Annotations

Branches:
Dungeon (15/15)            Temple (1/1) D:5            Lair (8/8) D:8
  Swamp (4/4) Lair:5       Spider (1/4) Lair:4        Slime (0/6) Lair:8
    Orc (4/4) D:9             Elf (0/3) Orc:4        Vaults (0/5) D:13
 Depths (0/5) D:15

Altars:
Ashenzari
Cheibriados
Dithmenos
Elyvilon
Fedhas
Gozag
Kikubaaqudgha
Makhleb
Nemelex Xobeh
Okawaru
Pakellas
Qazlal
Ru
Sif Muna
Trog
Vehumet
Xom
Yredelemnul
Zin
The Shining One
Beogh
Jiyva

Shops:
D:11 :   D:12 *   D:14 [   D:15 (   Orc:4 (:*[

Portals:
Trove: D:15 (give 17 potions of curing)

Annotations:
Orc:2 exclusion: door


Innate Abilities, Weirdness & Mutations

You cannot drink potions while threatened.
You are hated by all.
You cannot study or cast Hexes magic.
You cannot study or cast Poison magic.
You cannot study or cast Summoning magic.
You are vulnerable to magic.
Your casting is slightly disrupted.
You are missing an eye, making it more difficult to aim.
You are partially covered in molten scales (AC +1).
You are dopey. (Int -2)
You are frail (-10% HP).
You are somewhat resistant to further mutation.
You passively map a small area around you.


Message History

The tarantella is stunned by your will and fails to attack.
The tarantella bites you!
* * * LOW HITPOINT WARNING * * *
You are confused.
You take 16 damage.
You cannot drink potions in your current state!
You're too exhausted to draw out your power.
The redback barely misses you.
The redback bites you but does no damage.
You bump into the rock wall.
The tarantella bites you!
* * * LOW HITPOINT WARNING * * *
The tarantella completely misses you.
You take 7 damage.
You miss the redback. The redback barely misses you.
The tarantella completely misses you. The tarantella bites you!
* * * LOW HITPOINT WARNING * * *
You take 8 damage.
The redback completely misses you. The tarantella bites you!
You die...

##.#...#.##..#######.#.###### #..
#....######.....#.##...#.#..###.P
##...# ##.....................
#...# #..#..#......#....#..#
##.#.# ####.#.###P...##.#.P....
#....# ##.......................
##...## #P....#.###.....#........
##.P..####..##.##ss..P.<........#
#..#..#P...(....@.s.>#..#....##..
##.P.........######.#.....P.....#
##...##.#P.P## #######PP...###
#.รท#.#.###.#### ##.#####P..##
##............#####....P#...##
##...##.#P##...............#
#...##########...###P....###
##### ####.######## ###


You could see 2 tarantellas and a redback (blind).

Vanquished Creatures
  Rupert (Lair:8)
  Frances (Spider:1)
  3 thorn hunters (Swamp:4)
  An orc warlord (Orc:4)
  Maud (D:11)
  A frost giant (IceCv)
  A very ugly thing (Swamp:1)
  Azrael (D:14)
  Nessos (Lair:6)
  5 dire elephants (Lair:8)
  4 vault guards (D:13)
  Josephine (Lair:8)
  18 hydras
  A yaktaur captain (D:15)
  An ice dragon (Lair:4)
  A catoblepas (D:15)
  An anaconda (Lair:8)
  4 alligators
  8 centaur warriors
  5 death yaks
  An orc high priest (Orc:4)
  Urug (Orc:4)
  2 fire crabs
  Nergalle (D:12)
  3 spriggans
  An unseen horror (D:12)
  8 swamp dragons
  2 shambling mangroves
  6 hill giants
  Pikel (D:9)
  2 wolf spiders (Spider:1)
  5 orc knights
  A hornet (Swamp:3)
  5 orc sorcerers
  3 manticores
  2 griffons
  2 cyclopes (D:15)
  2 orb spiders (Spider:1)
  6 ugly things
  2 black mambas
  2 centaur zombies
  An ice statue (IceCv)
  21 spiny frogs
  4 torpor snails (Lair:8)
  A gargoyle (D:14)
  25 elephants
  11 komodo dragons
  An efreet (D:13)
  4 yaktaurs (D:15)
  2 guardian mummies (D:15)
  3 kobold demonologists
  A fire drake (Lair:5)
  2 demonic crawlers (Spider:1)
  2 tengu conjurers (D:14)
  4 trolls
  2 jumping spiders (Spider:1)
  3 giant leeches (Swamp:2)
  A boulder beetle (Lair:8)
  16 polar bears
  33 slime creatures
  3 bog bodies
  16 blink frogs
  Grinder (D:3)
  Prince Ribbit (D:8)
  2 two-headed ogres
  A hornet zombie (D:15)
  2 deep elf magi
  2 wyverns
  8 redbacks (Spider:1)
  4 wraiths
  Sigmund (D:2)
  7 basilisks
  54 yaks
  A shadow (Swamp:4)
  The ghost of ventricule the Ducker, an amateur DrAr (D:3)
  34 wolves
  15 hippogriffs
  Grum (D:10)
  3 hungry ghosts
  24 swamp worms
  Menkaure (D:6)
  3 fire elementals (D:14)
  12 water moccasins
  17 vampire mosquitoes
  2 ice beasts
  A sky beast (D:7)
  3 phantoms
  33 orc warriors
  9 swamp drakes
  3 black bears
  10 wasps
  14 porcupines
  3 slaves (D:9)
  3 hell hounds (D:14)
  14 ogres
  17 centaurs
  2 necrophages
  9 crocodiles
  20 giant frogs
  A gnoll sergeant (D:9)
  A wyvern zombie (D:14)
  5 scorpions
  12 wights
  3 electric eels
  21 killer bees
  A lava snake (Lair:7)
  A quasit (D:10)
  7 crimson imps
  5 hounds
  2 centaur skeletons
  3 jellies
  3 giant frog zombies
  27 orc priests
  4 giant frog skeletons
  A gnoll shaman (D:5)
  44 orc wizards
  Ijyb (D:3)
  9 iguanas
  Natasha (thrice) (D:2)
  12 worker ants
  9 sheep
  2 hound zombies
  12 gnolls
  A worker ant zombie (D:6)
  77 river rats
  7 adders
  14 white imps
  6 shadow imps
  An ooze (D:1)
  2 adder skeletons
  An adder zombie (D:6)
  3 worms
  10 giant geckos
  245 orcs
  A ball python (D:2)
  6 giant cockroaches
  8 hobgoblins
  8 jackals
  2 quokkas
  7 bats
  A giant gecko skeleton (D:4)
  12 giant newts
  9 goblins
  A jackal zombie (D:3)
  4 kobolds
  3 quokka skeletons (D:6)
  12 rats
  21 briar patches (Swamp:4)
  27 fungi
  17 plants
1307 creatures vanquished.

Vanquished Creatures (others)
  A hydra (Swamp:4)
  A manticore (D:12)
  2 elephants (Lair:8)
  A spiny frog (Lair:7)
  A torpor snail (Lair:8)
  A troll (Orc:4)
  2 slime creatures
  3 yaks
  A wraith (D:14)
  2 wolves
  A swamp worm (Swamp:1)
  2 orc warriors
  A wyvern zombie (D:14)
  A killer bee (D:13)
  2 river rats
  A giant gecko (D:9)
  3 orcs
  2 briar patches (Swamp:4)
  17 fungi
  10 plants
55 creatures vanquished.

Grand Total: 1362 creatures vanquished

Notes
Turn   | Place    | Note
--------------------------------------------------------------
     0 | D:1      | xeno23 the Human Monk began the quest for the Orb.
     0 | D:1      | Reached XP level 1. HP: 18/18 MP: 1/1
    68 | D:1      | Reached XP level 2. HP: 21/24 MP: 2/2
   569 | D:1      | Reached XP level 3. HP: 29/29 MP: 3/3
   874 | D:2      | Noticed Natasha
   879 | D:2      | Killed Natasha
   879 | D:2      | Reached XP level 4. HP: 33/35 MP: 4/4
   896 | D:2      | Noticed Sigmund
  1014 | D:2      | Reached skill level 5 in Unarmed Combat
  1194 | D:2      | Noticed Natasha
  1204 | D:2      | Killed Natasha
  1204 | D:2      | Reached XP level 5. HP: 23/41 MP: 5/5
  1387 | D:2      | Noticed Natasha
  1390 | D:2      | Killed Natasha
  1507 | D:3      | Noticed ventricule's ghost (amateur DrAr)
  2238 | D:4      | Noticed a moth of wrath
  2241 | D:4      | Found a bloodstained altar of Trog.
  2512 | D:4      | Reached XP level 6. HP: 48/48 MP: 6/6
  2922 | D:3      | Noticed Ijyb
  2936 | D:3      | Killed Ijyb
  2936 | D:3      | Reached skill level 6 in Unarmed Combat
  2974 | D:3      | Noticed Grinder
  3102 | D:3      | Killed Grinder
  3102 | D:3      | Reached XP level 7. HP: 25/55 MP: 7/7
  3920 | D:5      | Entered Level 5 of the Dungeon
  3976 | D:5      | Reached skill level 7 in Unarmed Combat
  4045 | D:5      | Reached skill level 5 in Dodging
  4115 | D:5      | Reached XP level 8. HP: 32/61 MP: 8/8
  4164 | D:5      | HP: 2/61 [gnoll/spear (7)]
  4170 | D:5      | HP: 3/61 [gnoll shaman/club (3)]
  4433 | D:4      | Reached skill level 5 in Fighting
  5033 | D:3      | HP: 3/62 [poison (a potion of poison)]
  5034 | D:3      | HP: 1/62 [poison (a potion of poison)]
  5042 | D:3      | Killed ventricule's ghost
  5384 | D:2      | Killed Sigmund
  5384 | D:2      | Reached skill level 8 in Unarmed Combat
  5608 | D:5      | Found a staircase to the Ecumenical Temple.
  5617 | Temple   | Entered the Ecumenical Temple
  6087 | D:6      | Reached XP level 9. HP: 53/69 MP: 9/9
  6270 | D:6      | Reached skill level 9 in Unarmed Combat
  6285 | D:6      | Noticed Menkaure
  6301 | D:6      | Killed Menkaure
  6845 | D:6      | Got a pair of steaming boots
  6851 | D:6      | Identified the +1 pair of boots of the King of the Hill {MR+ MP-9 Int+3} (You found it on level 6 of the Dungeon)
  7451 | D:7      | Reached skill level 10 in Unarmed Combat
  7932 | D:7      | Reached XP level 10. HP: 79/79 MP: 1/10
  8576 | D:8      | Found a staircase to the Lair.
  8638 | D:8      | Reached skill level 11 in Unarmed Combat
  8662 | D:8      | Noticed Prince Ribbit
  9040 | D:9      | HP: 4/80 [killer bee (6)]
  9237 | D:9      | Found an oddly glowing altar of Pakellas.
  9325 | D:9      | Noticed Pikel
  9373 | D:9      | Killed Pikel
  9430 | D:9      | Reached XP level 11. HP: 70/87 MP: 2/11
  9544 | D:9      | Found a snail-covered altar of Cheibriados.
  9554 | D:9      | Found a shadowy altar of Dithmenos.
  9681 | D:9      | Found an iron altar of Okawaru.
  9686 | D:9      | Found a blossoming altar of Fedhas.
  9697 | D:9      | Found a deep blue altar of Sif Muna.
  9704 | D:9      | Found a sacrificial altar of Ru.
  9708 | D:9      | Became a worshipper of Ru the Awakened
  9714 | D:9      | Found a white marble altar of Elyvilon.
  9730 | D:9      | Gained mutation: You are slightly vulnerable to magic. [Ru sacrifice]
  9730 | D:9      | Reached * piety under Ru
  9797 | D:9      | Found a staircase to the Orcish Mines.
  9843 | D:9      | Reached skill level 12 in Unarmed Combat
 10336 | D:8      | Killed Prince Ribbit
 10572 | Orc:1    | Entered Level 1 of the Orcish Mines
 11120 | Orc:2    | Gained mutation: You are hated by all. [Ru sacrifice]
 11120 | Orc:2    | Reached ** piety under Ru
 11276 | Orc:2    | Found a deep blue altar of Sif Muna.
 11289 | Orc:2    | Gained mutation: You are dopey. (Int -2) [potion of mutation]
 11289 | Orc:2    | Gained mutation: You are partially covered in molten scales (AC +1). [potion of mutation]
 11290 | Orc:2    | Gained mutation: You are weak. (Str -2) [potion of mutation]
 11290 | Orc:2    | Lost mutation: You are weak. (Str -2) [potion of mutation]
 12288 | Orc:3    | Noticed an orc sorcerer
 12292 | Orc:3    | Noticed an orc knight
 12297 | Orc:3    | Killed an orc sorcerer
 12559 | Orc:2    | Killed an orc knight
 12700 | Orc:3    | Noticed an orc knight
 12996 | Orc:2    | Killed an orc knight
 13075 | Orc:3    | Reached skill level 13 in Unarmed Combat
 13424 | Orc:3    | Gained mutation: Your casting is slightly disrupted. [Ru sacrifice]
 13426 | Orc:4    | Entered Level 4 of the Orcish Mines
 13574 | Orc:4    | Reached XP level 12. HP: 64/96 MP: 3/12
 13940 | Orc:4    | Found a staircase to the Elven Halls.
 13968 | Orc:4    | Noticed Urug
 13972 | Orc:4    | Noticed a sun demon
 13978 | Orc:4    | Noticed a soul eater
 14134 | Orc:4    | Noticed an orc high priest
 14389 | Orc:4    | Found a roughly hewn altar of Beogh.
 14630 | Orc:4    | Killed Urug
 14887 | Orc:4    | Reached skill level 10 in Fighting
 14887 | Orc:4    | Reached skill level 10 in Dodging
 14944 | Orc:4    | Noticed an orc warlord
 15074 | Orc:4    | Reached skill level 5 in Stealth
 15164 | Orc:4    | Gained mutation: You are missing an eye, making it more difficult to aim. [Ru sacrifice]
 15164 | Orc:4    | Reached *** piety under Ru
 15250 | Orc:4    | Killed an orc high priest
 15996 | Orc:4    | Found a roughly hewn altar of Beogh.
 15999 | Orc:4    | Found Yppo's Book Shoppe.
 16004 | Orc:4    | Found Qich's Antique Weapon Shoppe.
 16007 | Orc:4    | Found Qixtooso's General Store.
 16009 | Orc:4    | Found Rolunaj's Antique Armour Shoppe.
 16177 | Lair:1   | Entered Level 1 of the Lair of Beasts
 16395 | Lair:1   | Noticed a seven-headed hydra
 17234 | Lair:2   | Found a frozen archway.
 17291 | IceCv    | Entered an ice cave
 17322 | IceCv    | Reached skill level 14 in Unarmed Combat
 17421 | IceCv    | Reached XP level 13. HP: 56/104 MP: 4/13
 18424 | IceCv    | Gained mutation: You cannot drink potions while threatened. [Ru sacrifice]
 18424 | IceCv    | Reached **** piety under Ru
 18427 | IceCv    | Noticed a frost giant
 18683 | IceCv    | Killed a frost giant
 18683 | IceCv    | Reached skill level 15 in Unarmed Combat
 19024 | Lair:2   | Learned a level 1 spell: Apportation
 19360 | Lair:2   | Reached skill level 1 in Spellcasting
 19985 | Lair:3   | Reached XP level 14. HP: 95/113 MP: 7/16
 20397 | Lair:3   | Gained mutation: You are vulnerable to magic. [Ru sacrifice]
 20397 | Lair:3   | Reached ***** piety under Ru
 21081 | Lair:4   | Found a hole to the Spider Nest.
 21925 | Lair:4   | Reached skill level 16 in Unarmed Combat
 22117 | Lair:5   | Gained mutation: You cannot study or cast Poison magic. [Ru sacrifice]
 22117 | Lair:5   | Gained mutation: You cannot study or cast Hexes magic. [Ru sacrifice]
 22117 | Lair:5   | Gained mutation: You cannot study or cast Summoning magic. [Ru sacrifice]
 22117 | Lair:5   | Reached ****** piety under Ru
 22261 | Lair:5   | Found a staircase to the Swamp.
 22772 | Lair:6   | Noticed Nessos
 22777 | Lair:6   | Killed Nessos
 23250 | Lair:6   | Learned a level 4 spell: Petrify
 23773 | Lair:7   | Reached skill level 1 in Earth Magic
 23817 | Lair:7   | Reached skill level 1 in Transmutations
 23887 | Lair:7   | Reached XP level 15. HP: 121/121 MP: 12/21
 24346 | Lair:8   | Entered Level 8 of the Lair of Beasts
 24796 | Lair:8   | Found a snail-covered altar of Cheibriados.
 24961 | Lair:8   | Found a viscous altar of Jiyva.
 24961 | Lair:8   | Found a staircase to the Slime Pits.
 25164 | Lair:8   | Noticed Josephine
 25200 | Lair:8   | Reached skill level 5 in Spellcasting
 25440 | Lair:8   | Killed Josephine
 25746 | Lair:8   | Noticed Rupert
 25760 | Lair:8   | Killed Rupert
 26325 | Lair:8   | Reached skill level 17 in Unarmed Combat
 26331 | Lair:8   | Reached skill level 5 in Earth Magic
 26337 | Lair:8   | Reached skill level 5 in Transmutations
 26349 | Lair:8   | oh damn
 26349 | Lair:8   | thx xom
 26350 | Lair:8   | Identified Kikubaaqudgha's Compendium of Darkness
 26355 | Lair:8   | Learned a level 3 spell: Regeneration
 26442 | Lair:8   | Reached skill level 1 in Charms
 26442 | Lair:8   | Reached XP level 16. HP: 57/129 MP: 9/23
 26815 | Orc:4    | Bought a pair of gloves for 162 gold pieces
 26972 | Orc:4    | Paralysed by an orc sorcerer for 2 turns
 26982 | Orc:4    | Paralysed by an orc sorcerer for 4 turns
 26995 | Orc:4    | Reached skill level 1 in Necromancy
 27053 | Orc:4    | Bought a book of Geomancy for 525 gold pieces
 27136 | D:10     | Entered Level 10 of the Dungeon
 27298 | D:10     | Noticed Grum
 27325 | D:10     | Killed Grum
 28656 | D:11     | Noticed Maud
 28686 | D:11     | Killed Maud
 28953 | D:11     | Found Ysafar's Book Shoppe.
 29142 | D:12     | Found Urocs's General Store.
 29800 | D:13     | Found a gate to the Vaults.
 30628 | D:14     | Noticed Azrael
 30649 | D:14     | Killed Azrael
 30984 | D:14     | Reached skill level 18 in Unarmed Combat
 31219 | D:14     | Reached skill level 5 in Charms
 31366 | D:14     | Found Nikeil's Armour Emporium.
 31394 | D:14     | Bought a +2 helmet of intelligence for 258 gold pieces
 31394 | D:14     | Bought a +1 helmet of see invisible for 198 gold pieces
 31603 | D:15     | Entered Level 15 of the Dungeon
 31838 | D:15     | Found Coed's Weapon Emporium.
 32051 | D:15     | Found a portal to a secret trove of treasure.
 32206 | D:15     | Reached XP level 17. HP: 115/137 MP: 15/24
 32593 | D:15     | Found a staircase to the Depths.
 32744 | D:12     | Bought a scroll of blinking for 105 gold pieces
 32744 | D:12     | Bought a book of Minor Magic for 280 gold pieces
 32744 | D:12     | Bought a potion of might for 56 gold pieces
 32879 | D:12     | Noticed Nergalle
 32890 | D:12     | Killed Nergalle
 33447 | Lair:1   | Learned a level 2 spell: Blink
 33450 | Lair:1   | Learned a level 2 spell: Repel Missiles
 33453 | Lair:1   | Learned a level 2 spell: Stoneskin
 33734 | Swamp:1  | Entered Level 1 of the Swamp
 34160 | Swamp:1  | Reached skill level 19 in Unarmed Combat
 34198 | Swamp:1  | Got a twisted scale mail
 34209 | Swamp:1  | Identified the cursed +1 scale mail "Vitoffuh" {Int+4} (You found it on level 1 of the Swamp)
 35561 | Swamp:3  | Gained mutation: You are frail (-10% HP). [potion of mutation]
 35561 | Swamp:3  | Gained mutation: You passively map a small area around you. [potion of mutation]
 35561 | Swamp:3  | Gained mutation: You are somewhat resistant to further mutation. [potion of mutation]
 36640 | Swamp:4  | Entered Level 4 of the Swamp
 37003 | Swamp:3  | Reached skill level 20 in Unarmed Combat
 37143 | Swamp:4  | Reached XP level 18. HP: 73/131 MP: 16/25
 37602 | Swamp:4  | Got a decaying rune of Zot
 38264 | Spider:1 | Entered Level 1 of the Spider Nest
 38266 | Spider:1 | Noticed Frances
 38296 | Spider:1 | Killed Frances
 38325 | Lair:4   | HP: 6/131 [tarantella (9)]
 38327 | Lair:4   | Slain by a tarantella

Vault maps used:
D:1:      dpeg_arrival_refuge
D:2:      uniq_natasha, uniq_sigmund
D:3:      first_bread, bh_walls_and_bars, uniq_grinder, uniq_iyjb
D:4:      tgw_trog
D:5:      minmay_temple_entry_large_hall
D:6:      uniq_menkaure
D:7:      nicolae_sextant
D:8:      minmay_lair_entry_grove, uniq_prince_ribbit1
D:9:      grunt_temple_overflow_octagram, lemuel_coloured_pillars_altar,
          hex_large, uniq_pikel
D:10:     grunt_ogre_cave, uniq_grum
D:11:     serial_shops, shop, grunt_decor_mini_mirrors, minmay_misc_feat_plants,
          uniq_maud
D:12:     serial_shops, nicolae_shop_stone, uniq_nergalle
D:13:     lightli_vaults_fourway_checkpoint
D:14:     serial_shops, shop, uniq_azrael
D:15:     grunt_enter_depths_snipers, nicolae_wwwww,
          nicolae_trove_entry_path_of_doom, serial_shops, shop
Temple:   triangle_lava_temple_12
Lair:2:   portal_ice_cave_entry_imps, beast_lair_carwin_5
Lair:3:   bh_autumn_forest_stairs
Lair:4:   dummy_spider_entry, bobbens_ice_dragon_lair
Lair:5:   swamp_mist_pool, beast_lair_carwin_4
Lair:6:   uniq_nessos
Lair:7:   grunt_forest_large_clearings
Lair:8:   due_jungle_book, slime_altar_1, kennysheep_snail_temple,
          serial_bayou_shore_a, uniq_rupert, uniq_josephine
Swamp:1:  hangedman_swamp_lotus, infiniplex_staircase_pool
Swamp:2:  hangedman_swamp_cone, infiniplex_staircase_pool_2
Swamp:3:  nicolae_swamp_trees_clearing, swamp_pool5
Swamp:4:  swamp, swamp_pool3
Spider:1: uniq_roxanne, uniq_asterion, uniq_frances
Orc:2:    nicolae_orc_bridge_out, led_sif_book
Orc:3:    nicolae_orc_pool_cavern
Orc:4:    grunt_orc_cross, minmay_orc_temple_a
IceCv:    ice_cave_caverns_01

Action                   |  1- 3 |  4- 6 |  7- 9 | 10-12 | 13-15 | 16-18 || total
-------------------------+-------+-------+-------+-------+-------+-------++-------
Melee: Unarmed           |    66 |   333 |   516 |  1508 |  1725 |  1660 ||  5808
 Fire: Blowgun           |       |       |     5 |    83 |     3 |     2 ||    93
Throw: Javelin           |       |       |       |    10 |     2 |       ||    12
 Cast: Repel Missiles    |       |       |       |       |       |     2 ||     2
       Regeneration      |       |       |       |       |       |     2 ||     2
       Stoneskin         |       |       |       |       |       |     1 ||     1
Invok: Sacrifice Essence |       |       |       |     2 |     1 |       ||     3
       Sacrifice Love    |       |       |       |     1 |       |       ||     1
       Sacrifice an Eye  |       |       |       |     1 |       |       ||     1
       Power Leap        |       |       |       |       |    20 |    34 ||    54
       Draw Out Power    |       |       |       |       |     1 |     1 ||     2
       Sacrifice Drink   |       |       |       |       |     1 |       ||     1
       Apocalypse        |       |       |       |       |     6 |     5 ||    11
       Sacrifice Arcana  |       |       |       |       |     1 |       ||     1
Evoke: Wand              |       |     4 |       |    11 |    10 |    10 ||    35
  Use: Scroll            |       |     3 |     3 |    11 |    11 |    21 ||    49
       Potion            |       |     1 |     6 |     5 |     4 |     1 ||    17
 Stab: Sleeping          |     3 |     4 |     1 |     7 |    16 |    12 ||    43
       Distracted        |     1 |       |       |     9 |    14 |    11 ||    35
       Invisible         |       |       |       |     8 |    32 |    36 ||    76
       Paralysed         |       |       |       |       |    19 |    23 ||    42
       Petrified         |       |       |       |       |     5 |     2 ||     7
       Confused          |       |       |       |       |       |     3 ||     3
  Eat: Chunk             |       |     7 |    15 |    24 |    31 |    33 ||   110
       Royal jelly       |       |       |     1 |       |       |     3 ||     4
       Meat ration       |       |       |     1 |     1 |       |       ||     2
       Pizza             |       |       |     1 |       |       |       ||     1
       Beef jerky        |       |       |       |     2 |       |     2 ||     4
